 Dungeon Crawl Stone Soup version 0.26-a0-540-g8a0c9464d7 (webtiles) character file.

Game seed: 3214543851660598794

231 Inarius the Skirmisher (level 5, 0/43 HPs)
             Began as a Mummy Wanderer on Aug 23, 2020.
             Slain by an iguana (1 damage)
             ... on level 4 of the Dungeon.
             The game lasted 00:03:38 (3353 turns).

Inarius the Skirmisher (Mummy Wanderer)             Turns: 3353, Time: 00:03:39

Health: 0/43       AC: 12    Str: 18    XL:     5   Next: 73%
Magic:  5/5        EV:  5    Int: 11    God:
Gold:   122        SH:  0    Dex: 10    Spells: 4/4 levels left

rFire    x . .     SeeInvis .   b - +0 dagger
rCold    + . .     Faith    .   (no shield)
rNeg     + + +     Spirit   .   e - +1 plate armour {MR+}
rPois    ∞         Reflect  .   (no helmet)
rElec    .         Harm     .   (no cloak)
rCorr    .                      (no gloves)
MR       +....                  (no boots)
Stlth    ..........             (no amulet)
HPRegen  0.14/turn              (no ring)
MPRegen  0.09/turn              (no ring)

@: no status effects
A: no potions, fire vulnerability, cold resistance 1, negative energy resistance
3, torment resistance, unbreathing
a: no special abilities


You were on level 4 of the Dungeon.
You visited 1 branch of the dungeon, and saw 4 of its levels.

You collected 122 gold pieces.

Inventory:

Hand Weapons
 a - a +2 shortbow
 b - a +0 dagger (weapon)
 c - a +0 mace
 p - a +0 dagger of draining
Missiles
 f - 37 arrows
Armour
 e - a +1 plate armour of magic resistance (worn)
 j - a +0 scale mail
Wands
 o - a wand of random effects (10)
Scrolls
 d - 4 scrolls of teleportation
 g - 2 scrolls of remove curse {unknown}
 h - 4 scrolls of blinking {unknown}
 i - 2 scrolls of fear {unknown}
 k - a scroll of amnesia {unknown}
 l - a scroll of random uselessness {unknown}
 m - 4 scrolls of identify {unknown}
 n - a scroll of enchant armour {unknown}


   Skills:
 + Level 4.4 Fighting
 - Level 3.0 Bows
 + Level 1.0 Throwing
 + Level 3.2 Armour
 + Level 1.0 Dodging
 - Level 1.5 Stealth


You had 4 spell levels left.
You didn't know any spells.
Your spell library was empty.

Dungeon Overview and Level Annotations

Branches:
Dungeon (4/15)
 Temple: D:4-7

Altars:
Xom

Annotations:
D:3 3 runed translucent doors, vurker's ghost, amateur BaIE


Innate Abilities, Weirdness & Mutations

You do not drink.
Your flesh is vulnerable to fire.
You are immune to poison.
Your flesh is cold resistant. (rC+)
You are immune to negative energy. (rN+++)
You are immune to unholy pain and torment.
You can survive without breathing.


Message History

The iguana bites you but does no damage.
The adder bites you but does no damage.
You closely miss the adder. The iguana bites you.
* * * LOW HITPOINT WARNING * * *
The adder bites you.
* * * LOW HITPOINT WARNING * * *
You closely miss the adder.
The iguana bites you but does no damage.
The adder bites you but does no damage.
You closely miss the adder. The adder bites you but does no damage.
The iguana barely misses you. The adder bites you but does no damage.
You hit the adder.
The adder is moderately wounded.
The iguana bites you!
* * * LOW HITPOINT WARNING * * *
The adder bites you but does no damage.
You miss the adder.
The adder is moderately wounded.
The iguana bites you.
You die...

......... .#.#... ......
# #.#.. ###.#>...
.(......# #..(...Z#
....# #l# #...# #@#
#...# #S# #.#
#...###.####.# #.#
#............# #.#
######.#.#.#.#######
#.###.>.(...............
........................
#.###......#.#.#######..
...........#.#.#


You could see an iguana, an adder and a bullfrog skeleton.

Vanquished Creatures
  A howler monkey (D:4)
  A hound (D:4)
  2 gnolls (D:3)
  3 adders
  2 oozes
  4 worms
  4 dart slugs (D:1)
  3 orcs (D:3)
  11 bats
  3 giant cockroaches (D:1)
  11 goblins
  5 hobgoblins
  9 jackals
  3 kobolds
  3 quokkas
  3 ball pythons
  6 frilled lizards
  A quokka skeleton (D:4)
  8 rats
83 creatures vanquished.

Notes
Turn   | Place    | Note
-------+----------+-------------------------------------------
     0 | D:1      | Inarius the Mummy Wanderer began the quest for the Orb.
     0 | D:1      | Inarius set off with the following items: a +2 shortbow, 20
                  | arrows, a +0 mace, a scroll of teleportation, a +0 robe, a
                  | +0 dagger
     0 | D:1      | Reached XP level 1. HP: 18/18 MP: 1/1
   407 | D:1      | Reached XP level 2. HP: 24/24 MP: 2/2
  1043 | D:1      | Reached XP level 3. HP: 28/29 MP: 3/3
  1328 | D:2      | Found a shimmering altar of Xom.
  1966 | D:2      | Reached XP level 4. HP: 36/37 MP: 4/4
  2341 | D:3      | Reached skill level 4 in Fighting
  2765 | D:3      | Reached skill level 1 in Dodging
  2846 | D:3      | Reached XP level 5. HP: 42/42 MP: 5/5
  2880 | D:3      | Noticed vurker's ghost (amateur BaIE)
  2889 | D:3      | Found a runed translucent gate.
  2889 | D:3      | Found a runed translucent gate.
  2889 | D:3      | Found a runed translucent gate.
  3352 | D:4      | HP: 1/43 [iguana (7)]
  3353 | D:4      | Slain by an iguana

Illustrated notes

Levels and vault maps discovered:
D:1:      elethiomel_arrival_shortcut, layout_basic
D:2:      layout_rooms, xom_butterflies
D:3:      layout_loops_ring, gammafunk_ghost_split
D:4:      layout_basic

Skill      XL: |  1  2  3  4  5 |
---------------+----------------+-----
Bows           | 3 |  3.0
Fighting       | 4 |  4.4
Armour         | 2 3 |  3.2
Dodging        | 1 |  1.0
Throwing       | |  1.0
Stealth        | |  1.5

Action                   |  1- 3 |  4- 6 || total
-------------------------+-------+-------++-------
Melee: Dagger            |   209 |   219 ||   428
 Fire: Shortbow          |    15 |     2 ||    17
Armor: Robe              |    11 |       ||    11
       Plate armour      |   170 |   154 ||   324
       Scale mail        |     4 |       ||     4
Dodge: Dodged            |    90 |    54 ||   144

Table legend: (Time is in decaauts)
 A = Elapsed time spent in this place.
 B = Non-inter-level travel time spent in this place.
 C = Inter-level travel time spent in this place.
 D = Time resting spent in this place.
 E = Time spent auto-exploring this place.
 F = Levels seen in this place.
 G = Mean time per level.
                   A        B        C        D        E       F      G
               +--------+--------+--------+--------+--------+-----+--------+
         Total |   3348 |   3281 |     67 |    347 |   2153 |   4 |  837.0 |
       Dungeon |   3348 |   3281 |     67 |    347 |   2153 |   4 |  837.0 |
               +--------+--------+--------+--------+--------+-----+--------+

Top non-repeatable levels by time:
     D:1: 1497 daAuts
     D:3: 1040 daAuts
     D:2: 723 daAuts
     D:4: 86 daAuts
